 Dungeon Crawl Stone Soup version 0.28.0-53-g5a82cb258f (webtiles) character file.

Game seed: 14077601466297230945

44 raph the Poker (level 3, 0/31 HPs)
             Began as a Minotaur Fighter on July 18, 2022.
             Succumbed to an adder's poison
             ... on level 2 of the Dungeon.
             The game lasted 00:01:01 (803 turns).

raph the Poker (Minotaur Fighter)                    Turns: 803, Time: 00:01:01

Health: 0/31       AC:  6    Str: 20    XL:     3   Next: 39%
Magic:  2/2        EV:  9    Int:  5    God:
Gold:   15         SH:  4    Dex: 11    Spells: 2/2 levels left

rFire   . . .      SeeInvis .   a - +0 trident
rCold   . . .      Faith    .   c - +0 buckler
rNeg    . . .      Spirit   .   b - +0 scale mail
rPois   .          Reflect  .   (helmet restricted)
rElec   .          Harm     .   (no cloak)
rCorr   .          Rampage  .   (no gloves)
Will    .....                   (no boots)
Stlth   ..........              (no amulet)
HPRegen 0.10/turn               (no ring)
MPRegen 0.08/turn               (no ring)

@: brilliant, lethally poisoned (0 -> -1)
A: horns 2, retaliatory headbutt
a: no special abilities


You were on level 2 of the Dungeon.
You visited 1 branch of the dungeon, and saw 2 of its levels.

You collected 15 gold pieces.

Inventory:

Hand Weapons
 a - a +0 trident (weapon)
Armour
 b - a +0 scale mail (worn)
 c - a +0 buckler (worn)
Potions
 d - a potion of might


   Skills:
 - Level 3.6 Fighting
 + Level 4.7 Polearms
 - Level 3.6 Armour
 - Level 3.6 Shields


You had 2 spell levels left.
You didn't know any spells.
Your spell library was empty.

Dungeon Overview and Level Annotations

Branches:
Dungeon (2/15)

Altars:


Innate Abilities, Weirdness & Mutations

You have a pair of horns on your head.
You reflexively headbutt those who attack you in melee.


Message History

You feel sick. The adder bites you but does no damage.
You barely miss the adder.
The adder is almost dead.
You feel sick. The adder bites you.
You are more poisoned.
The adder poisons you! The rat barely misses you. The adder barely misses you.
You are too injured to fight recklessly!
You are too injured to fight recklessly!
You are too injured to fight recklessly!
You are too injured to fight recklessly!
You are too injured to fight recklessly!
You barely miss the adder.
The adder is almost dead.
You feel very sick. The adder bites you.
* * * LOW HITPOINT WARNING * * *
The rat bites you.
* * * LOW HITPOINT WARNING * * *
* * * LOW HITPOINT WARNING * * *
You feel sick. The adder bites you but does no damage.
You puncture the adder!
You kill the adder!
* * * LOW HITPOINT WARNING * * *
You feel sick.
You puncture the rat!
You kill the rat!
* * * LOW HITPOINT WARNING * * *
You feel sick.
There is a lethal amount of poison in your body!
It was a potion of brilliance.
You feel clever all of a sudden.
* * * LOW HITPOINT WARNING * * *
You feel sick.
Okay, then.
You aren't carrying any scrolls.
Okay, then.
* * * LOW HITPOINT WARNING * * *
You feel sick.
You see here a rat corpse.
You die...

.. ... .. .....
.#. ..#.## ≈≈..
.....
≈.♣..#.#.######
...#.#<.....#
...#..†...#
#.#†#.......
#.@.#.#.....
#.#.#.# ....
...#.#.# ...
###.#.#.# #+
#.#.#.# #......
#.#.. #.#..


There were no monsters in sight!

Vanquished Creatures
  2 adders (D:2)
  4 bats (D:1)
  An endoplasm (D:1)
  3 giant cockroaches (D:1)
  2 goblins (D:1)
  2 hobgoblins (D:1)
  5 ball pythons
  3 frilled lizards (D:1)
  A kobold (D:1)
  4 rats
27 creatures vanquished.

Notes
Turn   | Place    | Note
-------+----------+-------------------------------------------
     0 | D:1      | raph the Minotaur Fighter began the quest for the Orb.
     0 | D:1      | Reached XP level 1. HP: 19/19 MP: 0/0
   139 | D:1      | Reached skill level 3 in Polearms
   228 | D:1      | Reached XP level 2. HP: 26/26 MP: 1/1
   304 | D:1      | Found a faded altar of an unknown god.
   725 | D:1      | Reached skill level 4 in Polearms
   790 | D:2      | Reached XP level 3. HP: 24/31 MP: 2/2
   802 | D:2      | HP: 1/31 [poisoned by an adder]
   803 | D:2      | Succumbed to an adder's poison

Illustrated notes

Levels and vault maps discovered:
D:1:      lightli_arrival_windingriver, layout_loops_ring,
          basic_ecumenical_altar
D:2:      layout_basic, basic_altar, serial_bayou_pond_b

Skill      XL: |  1  2 |
---------------+-------+-----
Polearms       | 3 4 |  4.7
Fighting       | |  3.6
Armour         | |  3.6
Shields        | |  3.6

Action                   || total
-------------------------++-------
Melee: Trident           ||    68
       Headbutt          ||     8
  Use: Scroll            ||     1
       Potion            ||     1
Armor: Scale mail        ||    26
Dodge: Dodged            ||    16
Block: Buckler           ||    10
